 Dungeon Crawl Stone Soup version 0.31-a0-187-gba352fbbf7 (webtiles) character file.

Game seed: 18171895391101190477

196 qw the Skirmisher (level 5, -4/29 HPs)
             Began as a Deep Elf Hunter on June 22, 2023.
             Slain by a hobgoblin
             ... wielding a +0 club
              (6 damage)
             ... on level 3 of the Dungeon.
             The game lasted 00:00:53 (2088 turns).

qw the Skirmisher (Deep Elf Hunter)                 Turns: 2088, Time: 00:00:53

Health: -4/29      AC:  5    Str: 10    XL:     5   Next: 46%
Magic:  7/7        EV: 11    Int: 14    God:
Gold:   97         SH:  5    Dex: 18    Spells: 4/4 levels left

rFire   . . .        Y - +0 shortbow
rCold   . . .        (shield currently unavailable)
rNeg    . . .        e - +0 ring mail
rPois   +            (no helmet)
rElec   .            (no cloak)
rCorr   .            (no gloves)
SInv    .            (no boots)
Will    .....        j - amulet of reflection
Stlth   +            a - ring of poison resistance
HPRegen 0.24/turn    (no ring)
MPRegen 0.10/turn

%: reflection
@: no status effects
A: no striking features
a: no special abilities


You were on level 3 of the Dungeon.
You visited 1 branch of the dungeon, and saw 3 of its levels.

You collected 97 gold pieces.


   Skills:
 + Level 1.6 Fighting
 - Level 9.0 Ranged Weapons
 - Level 2.4 Dodging
 - Level 1.2 Stealth


You had 4 spell levels left.
You didn't know any spells.
Your spell library was empty.

Inventory:

Hand Weapons
 Y - a +0 shortbow (weapon)
Armour
 e - a +0 ring mail (worn)
Jewellery
 a - a ring of poison resistance (left hand)
 j - an amulet of reflection (around neck)
Scrolls
 m - a scroll of identify
Potions
 b - 2 potions of heal wounds {unknown}
 c - 2 potions of curing {unknown}
 d - a potion of attraction {unknown}
 f - 2 potions of lignification {unknown}
 g - a potion of brilliance {unknown}
 h - a potion of cancellation
 i - a potion of magic {unknown}
 k - a potion of degeneration {unknown}

Dungeon Overview and Level Annotations

Branches:
Dungeon (3/15)

Altars:
Nemelex Xobeh

Shops:
D:2 [

Annotations:
D:3 Terence


Message History

Terence hits you with a +0 flail.
You shoot an arrow. The arrow barely misses Terence.
Terence hits you with a +0 flail.
You shoot an arrow. The arrow barely misses Terence.
Terence hits you with a +0 flail.
You shoot an arrow. The arrow barely misses Terence.
Terence hits you with a +0 flail!
2083 ||| READING scroll of teleportation.
As you read the scroll of teleportation, it crumbles to dust.
You feel strangely unstable. Terence hits you with a +0 flail.
You shoot an arrow.
The arrow hits Terence but does no damage.
Terence is severely wounded.
Terence hits you with a +0 flail.
You shoot an arrow. The arrow hits Terence.
Terence is severely wounded.
Your surroundings suddenly seem different. 2 hobgoblins and 2 goblins come into view.
Found a scroll of vulnerability.
The goblin shouts!
The hobgoblin shouts!
Enter note:
Enter note:
Enter note:
Enter note:
Enter note:
Enter note: You shoot an arrow.
The hobgoblin shouts!
The goblin shouts!
The arrow hits the goblin.
The goblin is heavily wounded.
The goblin unwields a +0 sling.
The goblin barely misses you.
You shoot an arrow. The arrow hits the goblin.
You kill the goblin!
The hobgoblin hits you but does no damage.
You block the goblin's attack.
You shoot an arrow. The arrow hits the hobgoblin.
The hobgoblin is moderately wounded.
The hobgoblin hits you with a +0 club.
You die...

#....#
#....#
##....##
#......#
+......+
#......#
#.ggg#
#.?@.#
#....#
######


You could see 2 hobgoblins and a goblin.

Vanquished Creatures
  A scorpion (D:3)
  Jessica (D:2)
  Ijyb (D:3)
  2 adders
  3 dart slugs
  8 orcs (D:3)
  4 ball pythons
  3 bats (D:1)
  A bat zombie (D:2)
  3 endoplasms
  7 giant cockroaches (D:1)
  5 goblins
  2 hobgoblins
  3 kobolds
  4 quokkas
  2 ball python zombies (D:2)
  A quokka skeleton (D:2)
  5 rats
56 creatures vanquished.

Notes
Turn   | Place    | Note
-------+----------+-------------------------------------------
     0 | D:1      | qw the Deep Elf Hunter began the quest for the Orb.
     0 | D:1      | Reached XP level 1. HP: 12/12 MP: 3/3
     0 | D:1      | 0 ||| qw: Version: 0.3-a-9-g12657ce
     0 | D:1      | 0 ||| qw: Game counter: 1939
     0 | D:1      | 0 ||| qw: Always use a shield: true
     0 | D:1      | 0 ||| qw: God list: Okawaru
     0 | D:1      | 0 ||| qw: Allow faded altars: false
     0 | D:1      | 0 ||| qw: Do Orc after D:15 true
     0 | D:1      | 0 ||| qw: Do second Lair branch before Depths: true
     0 | D:1      | 0 ||| qw: Lair rune preference: random
     0 | D:1      | 0 ||| qw: Plans: Normal
     0 | D:1      | 0 ||| PLANNING D:1-11
   157 | D:1      | Reached skill level 6 in Ranged Weapons
   157 | D:1      | Reached XP level 2. HP: 16/16 MP: 4/4
   585 | D:1      | 585 ||| UPGRADING to +0 ring mail.
   595 | D:1      | 595 ||| DROPPING +0 leather armour.
   596 | D:1      | 596 ||| READING scroll labelled XUEHUE IREANA.
   601 | D:1      | 601 ||| READING scroll labelled OSIDUS APID.
   602 | D:1      | 602 ||| DRINKING 2 fuming golden potions.
   603 | D:1      | 603 ||| DROPPING scroll of butterflies.
   679 | D:2      | Reached XP level 3. HP: 20/20 MP: 5/5
   774 | D:2      | Found Sot Upp's Antique Armour Shop.
   832 | D:2      | Identified the +3 robe of the Gravedigger {Rampage}
  1013 | D:2      | HP: 4/20 [poisoned by an adder]
  1016 | D:2      | Reached skill level 7 in Ranged Weapons
  1240 | D:2      | Noticed Jessica
  1243 | D:2      | Killed Jessica
  1244 | D:2      | Reached XP level 4. HP: 25/25 MP: 6/6
  1408 | D:2      | 1408 ||| DROPPING +3 robe of the Gravedigger {Rampage}.
  1409 | D:2      | 1409 ||| UPGRADING to amulet of reflection.
  1414 | D:2      | 1414 ||| UPGRADING to ring of poison resistance.
  1415 | D:2      | 1415 ||| READING scroll labelled LAJIDUTWOOLI.
  1516 | D:2      | 1516 ||| READING scroll labelled OPTEIFOVEO.
  1517 | D:2      | 1517 ||| READING scroll labelled WEPEBR CIULOAWN.
  1518 | D:2      | 1518 ||| READING scroll labelled EHYACI WACSUO.
  1593 | D:3      | Found a sparkling altar of Nemelex Xobeh.
  1631 | D:3      | Noticed Ijyb
  1631 | D:3      | Paralysed by Ijyb for 3 turns
  1637 | D:3      | Paralysed by Ijyb for 3 turns
  1644 | D:3      | Paralysed by Ijyb for 5 turns
  1661 | D:3      | HP: 5/25 [Ijyb/+0 club (3)]
  1662 | D:3      | 1662 ||| READING scroll of teleportation.
  1672 | D:3      | Killed Ijyb
  1673 | D:3      | Reached skill level 8 in Ranged Weapons
  1885 | D:3      | Noticed a scorpion
  1896 | D:3      | Killed a scorpion
  1897 | D:3      | Reached XP level 5. HP: 25/29 MP: 7/7
  2000 | D:3      | 2000 ||| FLEEEEING.
  2001 | D:3      | 2001 ||| FLEEEEING.
  2002 | D:3      | 2002 ||| FLEEEEING.
  2003 | D:3      | 2003 ||| FLEEEEING.
  2004 | D:3      | 2004 ||| FLEEEEING.
  2005 | D:3      | 2005 ||| FLEEEEING.
  2006 | D:3      | 2006 ||| FLEEEEING.
  2007 | D:3      | 2007 ||| FLEEEEING.
  2008 | D:3      | 2008 ||| FLEEEEING.
  2009 | D:3      | 2009 ||| FLEEEEING.
  2010 | D:3      | 2010 ||| FLEEEEING.
  2025 | D:3      | Reached skill level 9 in Ranged Weapons
  2071 | D:3      | Noticed Terence
  2082 | D:3      | HP: 7/29 [Terence/+0 flail (8)]
  2083 | D:3      | 2083 ||| READING scroll of teleportation.
  2084 | D:3      | HP: 1/29 [Terence/+0 flail (4)]
  2088 | D:3      | Slain by a hobgoblin

Levels and vault maps discovered:
D:1:      minmay_arrival_split_and_join, layout_basic
D:2:      layout_basic, serial_shops, shop, serial_undead, serial_undead_b,
          serial_undead_f, serial_undead_e, serial_undead_d, uniq_jessica
D:3:      minmay_goblin_kobold_castle, layout_basic, mainiacjoe_overflow_paths,
          bh_walls_and_bars, uniq_ijyb, uniq_terence

Skill      XL: |  1  2  3  4  5 |
---------------+----------------+-----
Ranged Weapons | 6 7 8 9 |  9.0
Fighting       | |  1.6
Dodging        | |  2.4
Stealth        | |  1.2

Action                     |  1- 3 |  4- 6 || total
---------------------------+-------+-------++-------
   Fire: Shortbow          |   102 |   105 ||   207
    Use: Scroll            |     2 |     6 ||     8
         Potion            |     1 |       ||     1
 Armour: Leather armour    |     1 |       ||     1
         Ring mail         |     9 |    18 ||    27
  Dodge: Dodged            |    23 |    20 ||    43
  Block: Other             |       |     5 ||     5
         Reflection        |       |     1 ||     1

Table legend:
 A = Non-vault XP
 B = Vault XP
 C = Vault XP percentage of total XP
 D = Non-vault monster count
 E = Vault monster count
 F = Vault count percentage of total count
                 A         B        C        D         E       F
            +---------+---------+-------+---------+---------+-------
      Total |     201 |      80 |  28.5 |      49 |       7 |  12.5
            +---------+---------+-------+---------+---------+-------
        D:1 |      37 |       0 |   0.0 |      20 |       0 |   0.0
        D:2 |      34 |      42 |  55.3 |      13 |       5 |  27.8
        D:3 |     130 |      38 |  22.6 |      16 |       2 |  11.1
            +---------+---------+-------+---------+---------+-------
